 Dungeon Sprint DCSS version 0.24-a0-459-g225fefd530 (webtiles) character file.

Game seed: 12303305421920033208

279 epen the Carver (level 6, 0/51 HPs)
             Began as a Demonspawn Gladiator on June 29, 2019.
             Slain by a yak (6 damage)
             ... in the Dungeon (Sprint I: "Red Sonja").
             The game lasted 00:00:56 (375 turns).

epen the Carver (Demonspawn Gladiator)               Turns: 375, Time: 00:00:56

Health: 0/51       AC:  4    Str: 16    XL:     6   Next: 5%
Magic:  6/6        EV: 16    Int:  9    God:
Gold:   305        SH:  0    Dex: 17    Spells: 5/5 levels left

rFire    . . .     SeeInvis .   a - +0 long sword
rCold    . . .     Gourm    .   (no shield)
rNeg     . . .     Faith    .   b - +0 leather armour
rPois    .         Spirit   .   c - +0 helmet
rElec    .         Reflect  .   (no cloak)
rCorr    .         Harm     .   (no gloves)
MR       .....     NoTele   +   (no boots)
Stlth    +++.......             (no amulet)
HPRegen  0.17/turn              (no ring)
MPRegen  0.10/turn              (no ring)

@: no status effects
A: thin skeletal structure 1, demonic guardian 1, spiny 2
a: no special abilities


You were in the Dungeon.
You were not hungry.

You visited 1 branch You collected 305 gold pieces.

Inventory:

Hand Weapons
 a - a +0 long sword (weapon)
Missiles
 d - 2 throwing nets (quivered)
Armour
 b - a +0 leather armour (worn)
 c - a +0 helmet (worn)
Scrolls
 k - a scroll of blinking
Potions
 e - a potion of curing
 g - a potion of heal wounds
 h - a potion of haste
 i - 2 potions of magic
 j - a potion of berserk rage
Comestibles
 f - a ration
 l - 4 chunks of flesh


   Skills:
 + Level 5.0 Fighting
 + Level 8.0 Long Blades
 + Level 4.2 Throwing
 + Level 1.4 Armour
 + Level 6.4 Dodging
 + Level 2.5 Stealth


You had 5 spell levels left.
You didn't know any spells.
Your spell library was empty.

Dungeon Overview and Level Annotations

Branches:
Dungeon (1/1)

Altars:
Cheibriados
Dithmenos
Elyvilon
Fedhas
Gozag
Hepliaklqana
Kikubaaqudgha
Makhleb
Okawaru
Qazlal
Ru
Sif Muna
Trog
Uskayaw
Vehumet
Wu Jian
Xom
Yredelemnul
Zin
The Shining One
Jiyva
Lugonu

Shops:
D =


Innate Abilities, Weirdness & Mutations

You have a somewhat thin skeletal structure. (Dex +2, Stealth)
A weak demonic guardian rushes to your aid.
You are mostly covered in sharp spines.


Message History

You now have 305 gold pieces (gained 8).
You see here 19 stones.
There is an ornate altar of the Wu Jian Council here.
There is a radiant altar of Vehumet here.
You open the door.
A yak comes into view.
Found Kufreoq's Jewellery Emporium.
Found eight altars.
Found seven altars.
There is an open door here.
The helpless yak fails to defend itself.
You hit the yak but do no damage. The yak gores you!
You hit the yak but do no damage. The yak gores you!
You slash the yak!
The yak is moderately wounded.
The yak gores you!
* * * LOW HITPOINT WARNING * * *
You hit the yak.
The yak is moderately wounded.
The yak gores you.
You die...

################ ##
#<.#.))..#.)'..#__#
#..'..#..'..#..+.J+
#..#####'#####'#__#
#..# #..#...#.# ##
#..#__####..##(#
#..#_____##'#_.+
#⌠⌠#_.∩..Y@5.._#
####_..__##_.#+#
#____ ##+# ####


You could see a yak and a friendly iron imp.

Vanquished Creatures
  Sigmund (D)
  An ogre (D)
  A jelly (D)
  Ijyb (D)
4 creatures vanquished.

Notes
Turn   | Place    | Note
-------+----------+-------------------------------------------
     0 | D        | epen the Demonspawn Gladiator began the quest for the Orb.
     0 | D        | Reached XP level 1. HP: 16/16 MP: 1/1
     1 | D        | Noticed Ijyb
    12 | D        | Killed Ijyb
    12 | D        | Reached skill level 4 in Long Blades
    12 | D        | Gained mutation: A weak demonic guardian rushes to your
                  | aid. [demonic ancestry]
    12 | D        | Reached XP level 2. HP: 23/23 MP: 2/2
    20 | D        | Noticed an ogre
    24 | D        | Killed an ogre
    24 | D        | Reached skill level 5 in Long Blades
    24 | D        | Reached skill level 5 in Dodging
    24 | D        | Reached skill level 1 in Stealth
    24 | D        | Reached XP level 3. HP: 20/29 MP: 3/3
    24 | D        | Gained mutation: You have a somewhat thin skeletal
                  | structure. (Dex +2, Stealth) [demonic ancestry]
    24 | D        | Reached XP level 4. HP: 24/35 MP: 4/4
   130 | D        | Noticed Sigmund
   148 | D        | Killed Sigmund
   148 | D        | Reached skill level 7 in Long Blades
   148 | D        | Reached skill level 1 in Armour
   148 | D        | Gained mutation: You are partially covered in sharp spines.
                  | [demonic ancestry]
   148 | D        | Reached XP level 5. HP: 18/43 MP: 5/5
   336 | D        | Found a burning altar of Makhleb.
   336 | D        | Found a viscous altar of Jiyva.
   336 | D        | Found a shimmering altar of Xom.
   336 | D        | Found a corrupted altar of Lugonu.
   336 | D        | Noticed a slime creature
   338 | D        | Found an ornate altar of the Wu Jian Council.
   338 | D        | Found a deep blue altar of Sif Muna.
   340 | D        | Found a radiant altar of Vehumet.
   345 | D        | Reached skill level 5 in Fighting
   345 | D        | Reached skill level 8 in Long Blades
   345 | D        | Gained mutation: You are mostly covered in sharp spines.
                  | [demonic ancestry]
   345 | D        | Reached XP level 6. HP: 46/51 MP: 6/6
   370 | D        | Found Kufreoq's Jewellery Emporium.
   370 | D        | Found an ancient bone altar of Kikubaaqudgha.
   370 | D        | Found a stormy altar of Qazlal.
   370 | D        | Found a blossoming altar of Fedhas.
   370 | D        | Found a bloodstained altar of Trog.
   370 | D        | Found an iron altar of Okawaru.
   370 | D        | Found a glowing golden altar of the Shining One.
   370 | D        | Found a glowing silver altar of Zin.
   370 | D        | Found a white marble altar of Elyvilon.
   370 | D        | Noticed a yak
   371 | D        | Found a hazy altar of Hepliaklqana.
   371 | D        | Found a hide-covered altar of Uskayaw.
   371 | D        | Found a basalt altar of Yredelemnul.
   371 | D        | Found an opulent altar of Gozag.
   371 | D        | Found a snail-covered altar of Cheibriados.
   371 | D        | Found a sacrificial altar of Ru.
   371 | D        | Found a shadowy altar of Dithmenos.
   375 | D        | Slain by a yak

Levels and vault maps discovered:
D:        dungeon_sprint_1 [red_sonja_temple_1, red_sonja_temple_small_1]

Skill      XL: |  1  2  3  4  5 |
---------------+----------------+-----
Long Blades    | 4 5 7 8 |  8.0
Throwing       | 2 3 4 |  4.2
Dodging        | 3 5 6 |  6.4
Fighting       | 3 4 5 |  5.0
Stealth        | 1 2 |  2.5
Armour         | 1 |  1.4

Action                   |  1- 3 |  4- 6 || total
-------------------------+-------+-------++-------
Melee: Long sword        |    10 |    21 ||    31
Throw: Throwing net      |     2 |     1 ||     3
 Stab: Held in net/web   |     1 |       ||     1
       Sleeping          |       |     3 ||     3
Armor: Leather armour    |     2 |     2 ||     4
Dodge: Dodged            |     6 |     4 ||    10
       Rpst.: Long sword |     3 |       ||     3

Table legend:
 A = Non-vault XP
 B = Vault XP
 C = Vault XP percentage of total XP
 D = Non-vault monster count
 E = Vault monster count
 F = Vault count percentage of total count
                 A         B        C        D         E       F
            +---------+---------+-------+---------+---------+-------
      Total |       0 |     399 | 100.0 |       0 |       4 | 100.0
            +---------+---------+-------+---------+---------+-------
          D |       0 |     399 | 100.0 |       0 |       4 | 100.0
            +---------+---------+-------+---------+---------+-------
